TOP OF THE 1ST |
Ellenburg Fighting Dachsunds batting - Pitching for Phoenix Hotspur Reserves : LHP Cobus Reijnen
|
Pitching: LHP Cobus Reijnen
|
|
Batting: SHB Theron Montecalvo
|
0-0: Foul Ball, location: 2F 0-1: Ball 1-1: Ball 2-1: Foul Ball, location: 2F 2-2: Foul Ball, location: 2F 2-2: Ground out 5-3 (Groundball, 5)
|
Batting: RHB José Vázquez
|
0-0: SINGLE (Line Drive, 8LS)
|
Batting: SHB Ben Boston
|
0-0: Swinging Strike 0-1: Ball 1-1: Called Strike 1-2: Strikes out swinging
|
Batting: RHB Alan McLennan
|
0-0: Called Strike 0-1: Ball 1-1: Foul Ball, location: 2F 1-2: Ball 2-2: Fly out, F1 (Line Drive, 13)
|
Top of the 1st over - 0 runs, 1 hit, 0 errors, 1 left on base; Ellenburg 0 - Phoenix 0 |
BOTTOM OF THE 1ST |
Phoenix Hotspur Reserves batting - Pitching for Ellenburg Fighting Dachsunds : RHP Juan Parales
|
Pitching: RHP Juan Parales
|
|
Batting: RHB Lopahin Davletyarov
|
0-0: Foul Ball, location: 2F 0-1: Ball 1-1: SINGLE (Groundball, 34S) (infield hit)
|
Batting: RHB Sinfronio Vitor
|
0-0: Ball 1-0: Fly out, F9 (Line Drive, 89M)
|
Batting: RHB Martín Talia
|
0-0: Called Strike Lopahin Davletyarov steals 2nd base 0-1: Foul Ball, location: 2F 0-2: Ball 1-2: Strikes out swinging
|
Batting: LHB Jason DeGeorge
|
0-0: Fly out, F8 (Flyball, 8LD)
|
Bottom of the 1st over - 0 runs, 1 hit, 0 errors, 1 left on base; Ellenburg 0 - Phoenix 0 |
TOP OF THE 2ND |
Ellenburg Fighting Dachsunds batting - Pitching for Phoenix Hotspur Reserves : LHP Cobus Reijnen
|
Batting: RHB Oscar McMillan
|
0-0: Ball 1-0: Swinging Strike 1-1: SINGLE (Line Drive, 34D)
|
Batting: RHB José Barroca
|
0-0: Ball 1-0: Swinging Strike 1-1: Ball 2-1: Swinging Strike 2-2: Grounds into double play, 5-4-3 (Groundball, 56)
|
Batting: LHB Vladya Pugiev
|
0-0: Called Strike 0-1: Called Strike 0-2: SINGLE (Groundball, 4MD)
|
Batting: RHB Manuel Rosales
|
0-0: Ball 1-0: Foul Ball, location: 2F 1-1: Ball 2-1: Swinging Strike 2-2: Ball 3-2: Foul Ball, location: 2F 3-2: Strikes out swinging
|
Top of the 2nd over - 0 runs, 2 hits, 0 errors, 1 left on base; Ellenburg 0 - Phoenix 0 |
BOTTOM OF THE 2ND |
Phoenix Hotspur Reserves batting - Pitching for Ellenburg Fighting Dachsunds : RHP Juan Parales
|
Batting: RHB José Souza
|
0-0: Foul Ball, location: 2F 0-1: Foul Ball, location: 2F 0-2: Foul Ball, location: 2F 0-2: SINGLE (Flyball, 7S)
|
Batting: RHB Solomon Norment
|
0-0: Ball 1-0: Ball 2-0: Ball 3-0: Base on Balls José Souza to second
|
Batting: RHB Bernardo Rivera
|
0-0: Ball 1-0: Called Strike 1-1: Foul Ball, location: 2F 1-2: Ball 2-2: Ball 3-2: Fly out, F8 (Flyball, 8LD)
|
Batting: RHB Germán Alfaro
|
0-0: Ball 1-0: Ball 2-0: Called Strike 2-1: Ball 3-1: Base on Balls José Souza to third Solomon Norment to second
|
Batting: RHB Francisco Arriagada
|
0-0: Ball 1-0: Ball 2-0: Called Strike 2-1: Ball 3-1: Grounds into double play, 6-4-3 (Groundball, 6)
|
Bottom of the 2nd over - 0 runs, 1 hit, 0 errors, 2 left on base; Ellenburg 0 - Phoenix 0 |
TOP OF THE 3RD |
Ellenburg Fighting Dachsunds batting - Pitching for Phoenix Hotspur Reserves : LHP Cobus Reijnen
|
Batting: LHB Locke Lamora
|
0-0: Fly out, F8 (Flyball, 89M)
|
Batting: SHB Theron Montecalvo
|
0-0: Called Strike 0-1: Ball 1-1: Ground out U3 (Groundball, 23)
|
Batting: RHB José Vázquez
|
0-0: Ball 1-0: Foul Ball, location: 2F 1-1: Ground out 5-3 (Groundball, 5D)
|
Top of the 3rd over - 0 runs, 0 hits, 0 errors, 0 left on base; Ellenburg 0 - Phoenix 0 |
BOTTOM OF THE 3RD |
Phoenix Hotspur Reserves batting - Pitching for Ellenburg Fighting Dachsunds : RHP Juan Parales
|
Batting: RHB Lopahin Davletyarov
|
0-0: Foul Ball, location: 2F 0-1: Fly out, F8 (Flyball, 8RM)
|
Batting: RHB Sinfronio Vitor
|
0-0: SINGLE (Groundball, 4MD)
|
Batting: RHB Martín Talia
|
0-0: Called Strike Sinfronio Vitor steals 2nd base 0-1: Ball 1-1: Ball Sinfronio Vitor steals 3rd base 2-1: Ball 3-1: Fly out, F4 (Flyball, 4D)
|
Batting: LHB Jason DeGeorge
|
0-0: Called Strike 0-1: Foul Ball, location: 2F 0-2: Strikes out swinging
|
Bottom of the 3rd over - 0 runs, 1 hit, 0 errors, 1 left on base; Ellenburg 0 - Phoenix 0 |
TOP OF THE 4TH |
Ellenburg Fighting Dachsunds batting - Pitching for Phoenix Hotspur Reserves : LHP Cobus Reijnen
|
Batting: SHB Ben Boston
|
0-0: Called Strike 0-1: Ball 1-1: Called Strike 1-2: Hit by Pitch
|
Batting: RHB Alan McLennan
|
0-0: Ball 1-0: Fly out, F7 (Flyball, 7LSF)
|
Batting: RHB Oscar McMillan
|
0-0: Called Strike 0-1: Ball 1-1: Ball 2-1: Swinging Strike 2-2: Ball 3-2: Strikes out looking
|
Batting: RHB José Barroca
|
0-0: Ground out 5-3 (Groundball, 5S)
|
Top of the 4th over - 0 runs, 0 hits, 0 errors, 1 left on base; Ellenburg 0 - Phoenix 0 |
BOTTOM OF THE 4TH |
Phoenix Hotspur Reserves batting - Pitching for Ellenburg Fighting Dachsunds : RHP Juan Parales
|
Batting: RHB José Souza
|
0-0: Called Strike 0-1: Ground out 3-1 (Groundball, 34)
|
Batting: RHB Solomon Norment
|
0-0: Ball 1-0: Foul Ball, location: 2F 1-1: Ball 2-1: Called Strike 2-2: Foul Ball, location: 2F 2-2: Ball 3-2: Foul Ball, location: 2F 3-2: Foul Ball, location: 2F 3-2: Base on Balls
|
Batting: RHB Bernardo Rivera
|
0-0: Foul Ball, location: 2F 0-1: Ball 1-1: Foul Ball, location: 2F 1-2: Grounds into double play, 6-4-3 (Groundball, 6)
|
Bottom of the 4th over - 0 runs, 0 hits, 0 errors, 0 left on base; Ellenburg 0 - Phoenix 0 |
TOP OF THE 5TH |
Ellenburg Fighting Dachsunds batting - Pitching for Phoenix Hotspur Reserves : LHP Cobus Reijnen
|
Batting: LHB Vladya Pugiev
|
0-0: Foul Ball, location: 2F 0-1: Ball 1-1: Swinging Strike 1-2: Ball 2-2: SINGLE (Groundball, 34D)
|
Batting: RHB Manuel Rosales
|
0-0: Ball 1-0: Bunted foul 1-1: Sac Bunt - play at first, batter OUT! 1-4 Vladya Pugiev to second
|
Batting: LHB Locke Lamora
|
0-0: Fly out, F2 (Popup, 2RF)
|
Batting: SHB Theron Montecalvo
|
0-0: Ground out 6-3 (Groundball, 56)
|
Top of the 5th over - 0 runs, 1 hit, 0 errors, 1 left on base; Ellenburg 0 - Phoenix 0 |
TOP OF THE 6TH |
Ellenburg Fighting Dachsunds batting - Pitching for Phoenix Hotspur Reserves : LHP Cobus Reijnen
|
Batting: RHB José Vázquez
|
0-0: Called Strike 0-1: Foul Ball, location: 2F 0-2: Foul Ball, location: 2F 0-2: Ball 1-2: Fly out, F8 (Flyball, 8RD)
|
Batting: SHB Ben Boston
|
0-0: Ball 1-0: Foul Ball, location: 2F 1-1: Foul Ball, location: 2F 1-2: Ball 2-2: Ball 3-2: Base on Balls
|
Batting: RHB Alan McLennan
|
0-0: Called Strike 0-1: Ball 1-1: Swinging Strike 1-2: Ball 2-2: Strikes out looking
|
Batting: RHB Oscar McMillan
|
0-0: Swinging Strike 0-1: Ball 1-1: Foul Ball, location: 2F 1-2: Fly out, F7 (Flyball, 7)
|
Top of the 6th over - 0 runs, 0 hits, 0 errors, 1 left on base; Ellenburg 0 - Phoenix 2 |
BOTTOM OF THE 6TH |
Phoenix Hotspur Reserves batting - Pitching for Ellenburg Fighting Dachsunds : RHP Juan Parales
|
Batting: RHB José Souza
|
0-0: Called Strike 0-1: Foul Ball, location: 2F 0-2: Foul Ball, location: 2F 0-2: Foul Ball, location: 2F 0-2: Ball 1-2: Foul Ball, location: 2F 1-2: Foul Ball, location: 2F 1-2: Ground out 6-3 (Groundball, 6M)
|
Batting: RHB Solomon Norment
|
0-0: Foul Ball, location: 2F 0-1: Foul Ball, location: 2F 0-2: Fly out, F5 (Line Drive, 5)
|
Batting: RHB Bernardo Rivera
|
0-0: Called Strike 0-1: Ball 1-1: Foul Ball, location: 2F 1-2: Foul Ball, location: 2F 1-2: Fly out, F8 (Line Drive, 8LD)
|
Bottom of the 6th over - 0 runs, 0 hits, 0 errors, 0 left on base; Ellenburg 0 - Phoenix 2 |
TOP OF THE 7TH |
Ellenburg Fighting Dachsunds batting - Pitching for Phoenix Hotspur Reserves : LHP Cobus Reijnen
|
Batting: RHB José Barroca
|
0-0: Ball 1-0: Ball 2-0: Foul Ball, location: 2F 2-1: Ball 3-1: Foul Ball, location: 2F 3-2: Base on Balls
|
Batting: LHB Vladya Pugiev
|
0-0: Sac Bunt - play at first, batter OUT! U3 José Barroca to second
|
Batting: RHB Manuel Rosales
|
0-0: Swinging Strike 0-1: Ball 1-1: Called Strike 1-2: Strikes out swinging
|
Batting: LHB Locke Lamora
|
0-0: Ground out 5-3 (Groundball, 56)
|
Top of the 7th over - 0 runs, 0 hits, 0 errors, 1 left on base; Ellenburg 0 - Phoenix 2 |
BOTTOM OF THE 7TH |
Phoenix Hotspur Reserves batting - Pitching for Ellenburg Fighting Dachsunds : RHP Juan Parales
|
Batting: RHB Germán Alfaro
|
0-0: Ball 1-0: Called Strike 1-1: Foul Ball, location: 2F 1-2: Ball 2-2: Strikes out swinging
|
Pitching: RHP Alfonso Vera
|
|
Batting: RHB Francisco Arriagada
|
0-0: Fly out, F3 (Line Drive, 34)
|
Batting: RHB Lopahin Davletyarov
|
0-0: Ball 1-0: Fly out, F8 (Flyball, 89M)
|
Bottom of the 7th over - 0 runs, 0 hits, 0 errors, 0 left on base; Ellenburg 0 - Phoenix 2 |
TOP OF THE 8TH |
Ellenburg Fighting Dachsunds batting - Pitching for Phoenix Hotspur Reserves : LHP Cobus Reijnen
|
Batting: SHB Theron Montecalvo
|
0-0: Swinging Strike 0-1: Ground out 5-3 (Groundball, 56S)
|
Batting: RHB José Vázquez
|
0-0: Ball 1-0: Foul Ball, location: 2F 1-1: Ball 2-1: Swinging Strike 2-2: SINGLE (Groundball, 4MD)
|
Batting: SHB Ben Boston
|
0-0: Foul Ball, location: 2F 0-1: Grounds into double play, 6-4-3 (Groundball, 6)
|
Top of the 8th over - 0 runs, 1 hit, 0 errors, 0 left on base; Ellenburg 0 - Phoenix 2 |
BOTTOM OF THE 8TH |
Phoenix Hotspur Reserves batting - Pitching for Ellenburg Fighting Dachsunds : RHP Alfonso Vera
|
Batting: RHB Sinfronio Vitor
|
0-0: Foul Ball, location: 2F 0-1: Foul Ball, location: 2F 0-2: Ball 1-2: Ground out 6-3 (Groundball, 6)
|
Batting: RHB Martín Talia
|
0-0: Ball 1-0: Called Strike 1-1: Foul Ball, location: 2F 1-2: Fly out, F8 (Flyball, 8RS)
|
Batting: LHB Jason DeGeorge
|
0-0: Ball 1-0: Ball 2-0: Ball 3-0: Called Strike 3-1: Foul Ball, location: 2F 3-2: Strikes out swinging
|
Bottom of the 8th over - 0 runs, 0 hits, 0 errors, 0 left on base; Ellenburg 0 - Phoenix 2 |
TOP OF THE 9TH |
Ellenburg Fighting Dachsunds batting - Pitching for Phoenix Hotspur Reserves : LHP Cobus Reijnen
|
Pitching: RHP Richard Osborn
|
|
Batting: RHB Alan McLennan
|
0-0: Ball 1-0: Foul Ball, location: 2F 1-1: Fly out, F9 (Flyball, 9)
|
Batting: RHB Oscar McMillan
|
0-0: Ball 1-0: Foul Ball, location: 2F 1-1: Foul Ball, location: 2F 1-2: Foul Ball, location: 2F 1-2: DOUBLE (Line Drive, 7LS)
|
Pinch Hitting: LHB Ned Durand
|
0-0: Ball 1-0: Ball 2-0: Called Strike 2-1: Foul Ball, location: 2F 2-2: Ball 3-2: Foul Ball, location: 2F 3-2: Strikes out swinging
|
Batting: LHB Vladya Pugiev
|
0-0: Foul Ball, location: 2F 0-1: Swinging Strike 0-2: Strikes out swinging
|
Top of the 9th over - 0 runs, 1 hit, 0 errors, 1 left on base; Ellenburg 0 - Phoenix 2 |
|